 Dungeon Crawl Stone Soup version 0.30-b1-2-g02819fbbbe (webtiles) character file.

Game seed: 7885370526125092720

1075 Dimez the Chopper (level 8, -25/58 HPs)
             Began as a Demonspawn Chaos Knight on Oct 27, 2023.
             Was a Plaything of Xom.
             Annihilated by an ice devil (30 damage)
             ... summoned by Xom
             ... on level 5 of the Dungeon.
             The game lasted 00:12:35 (3944 turns).

Dimez the Chopper (Demonspawn Chaos Knight)         Turns: 3944, Time: 00:12:36

Health: -25/58     AC: 14    Str: 13 (14) XL:     8   Next: 8%
Magic:  8/8        EV:  9    Int: 12 (13) God:    Xom [......]
Gold:   232        SH:  4    Dex:  9 (12) Spells: 7/7 levels left

rFire   . . .        a - +0 hand axe (chaos)
rCold   x . .        (no shield)
rNeg    . . .        l - +4 scale mail
rPois   .            r - +0 helmet
rElec   .            (no cloak)
rCorr   .            (no gloves)
SInv    +            (no boots)
Will    +....        w - amulet of regeneration Stlth
                     n - ring of see invisible
HPRegen 1.09/turn    (no ring)
MPRegen 0.11/turn

%: no passive effects
@: no status effects
A: yellow scales 1, spiny 1, condensation shield, demonic touch 2, deterioration
1, strong-willed 1, weak 1, cold vulnerability 1, MP-powered wands
a: Renounce Religion


You were on level 5 of the Dungeon.
You worshipped Xom.
You were a very special plaything of Xom.
You visited 1 branch of the dungeon, and saw 5 of its levels.

You collected 232 gold pieces.

Inventory:

Hand Weapons
 a - a +0 hand axe of chaos (weapon)
 h - a +0 whip
 p - the +7 staff of the Meek {protect, meekguard}
   (You found it on level 2 of the Dungeon)
Armour
 b - a +2 leather armour
 l - a +4 scale mail (worn)
 r - a +0 helmet (worn)
Jewellery
 n - a ring of see invisible (left hand)
 w - an amulet of regeneration (around neck)
Scrolls
 f - 5 scrolls of immolation {unknown}
 g - 8 scrolls of identify {unknown}
 j - 3 scrolls of fear {unknown}
 m - 2 scrolls of blinking {unknown}
 o - a scroll of enchant weapon {unknown}
 q - 3 scrolls of teleportation {unknown}
 u - a scroll of amnesia {unknown}
 v - a scroll of butterflies {unknown}
 y - a scroll of poison {unknown}
 A - 2 scrolls of fog {unknown}
 C - a scroll of magic mapping {unknown}
Potions
 d - 4 potions of degeneration {unknown}
 e - 3 potions of attraction {unknown}
 i - a potion of invisibility {unknown}
 k - 3 potions of flight {unknown}
 s - 2 potions of cancellation {unknown}
 t - a potion of curing
 x - a potion of ambrosia {unknown}
 z - a potion of heal wounds {unknown}
 B - a potion of mutation {unknown}
Miscellaneous
 c - a piece from Xom's chessboard (14/15) (quivered)


   Skills:
 - Level 3.0 Fighting
 + Level 7.0 Axes
 + Level 6.0 Armour
 - Level 0.8 Dodging


You had 7 spell levels left.
You didn't know any spells.
Your spell library contained the following spells:

 Spells                   Type           Power      Damage    Failure   Level
 Kiss of Death            Conj/Necr      0%         2d5       80%         1
 Sting                    Tmut/Pois      0%         1d3       80%         1
 Poisonous Vapours        Pois/Air       0%         N/A       90%         2
 Confusing Touch          Hex            0%         N/A       99%         3
 Dispel Undead            Necr           0%         3d6       100%        4
 Olgreb's Toxic Radiance  Pois           0%         N/A       100%        4


Dungeon Overview and Level Annotations

Branches:
Dungeon (5/15)
 Temple: D:4-7

Altars:


Innate Abilities, Weirdness & Mutations

You are partially covered in yellow scales. (AC +2)
You are partially covered in sharp spines.
A meltable shield of frost defends you. (SH +4)
Your touch may inflict irresistible damage on your foes.
Your body sometimes deteriorates upon taking damage.
You are strong-willed. (Will+)
You are weak. (Str -2)
You are vulnerable to cold. (rC-)
You expend magic power (3 MP) to strengthen your wands.


Message History

The quasit barely misses you.
The quasit claws you but does no damage.
You barely miss the quasit.
The quasit is heavily wounded.
You hit the ice devil.
The ice devil convulses.
Your touch misses the ice devil.
The ice devil is lightly wounded.
You hit the ice devil.
The ice devil convulses.
The ice devil is lightly wounded.
The ice devil hits you. The ice devil freezes you!!
You feel a terrible chill!
Xom thinks this is hilarious!
Ouch! That really hurt!
Your body deteriorates!
You feel weakened.
You are too injured to fight recklessly!
You are too injured to fight recklessly!
You are too injured to fight recklessly!
You are too injured to fight recklessly!
You are too injured to fight recklessly!
You are too injured to fight recklessly!
You are too injured to fight recklessly!
You are too injured to fight recklessly!
You are too injured to fight recklessly!
You are too injured to fight recklessly!
You are too injured to fight recklessly!
You are too injured to fight recklessly!
You are too injured to fight recklessly!
You are too injured to fight recklessly!
You are too injured to fight recklessly!
You are too injured to fight recklessly!
You are too injured to fight recklessly!
You are too injured to fight recklessly!
You hit the ice devil but do no damage.
The ice devil goes berserk!
The ice devil is lightly wounded.
The ice devil hits you!
* * * LOW HITPOINT WARNING * * *
Your body deteriorates!
You feel dopey. The ice devil freezes you!!
You feel a terrible chill!
Ouch! That really hurt!
You die...
Xom chortles!

##.## ## ##.## #.
######## ##.## #.
#......## ##.# ##
######..# ##.# ##
#..#####..###.
#....##...##..
#######○§...........
##..@445○°###.......#
##.#####5.##
##.....## #.## #..#
##...## ### ##.#
##..## #.# #...# ##.#
#...# ##.## ##..##
### ##..# ##..##
#.###..## ##..##


You could see 2 ice devils, a quasit (summoned, strong) and a white imp
(summoned).

Vanquished Creatures
  Grinder (D:4)
  Sigmund (D:2)
  A fire bat (D:4)
  2 scorpions
  2 jellies
  A hound (D:4)
  2 iguanas (D:5)
  2 orc wizards (D:3)
  Robin (D:2)
  4 gnolls (D:5)
  7 adders
  A white imp (D:5)
  An ufetubus (D:5)
  A worm (D:2)
  3 dart slugs
  10 orcs
  3 ball pythons
  4 bats
  6 endoplasms
  8 giant cockroaches
  16 goblins
  14 hobgoblins
  3 jackals (D:2)
  2 quokkas (D:2)
  7 frilled lizards
  4 kobolds
  3 rats
110 creatures vanquished.

Vanquished Creatures (others)
  An orc (D:3)
  A goblin zombie (D:2)
2 creatures vanquished.

Grand Total: 112 creatures vanquished

Notes
Turn   | Place    | Note
-------+----------+-------------------------------------------
     0 | D:1      | Dimez the Demonspawn Chaos Knight began the quest for the
                  | Orb.
     0 | D:1      | Reached XP level 1. HP: 18/18 MP: 1/1
   152 | D:1      | Reached skill level 3 in Axes
   187 | D:1      | XOM: silly message
   220 | D:1      | Gained mutation: Your touch may inflict minor irresistible
                  | damage on your foes. [demonic ancestry]
   220 | D:1      | Reached XP level 2. HP: 24/24 MP: 2/2
   285 | D:1      | You fall into a shaft and drop 1 floor!
   308 | D:2      | XOM: scenery: summon butterflies
   470 | D:2      | Gained mutation: You are partially covered in sharp spines.
                  | [demonic ancestry]
   470 | D:2      | Reached XP level 3. HP: 29/29 MP: 3/3
  1026 | D:2      | Reached skill level 4 in Axes
  1099 | D:2      | Noticed Sigmund
  1114 | D:2      | Killed Sigmund
  1115 | D:2      | Reached XP level 4. HP: 35/35 MP: 4/4
  1115 | D:2      | Gained mutation: Your touch may inflict irresistible damage
                  | on your foes. [demonic ancestry]
  1115 | D:2      | Reached XP level 5. HP: 41/41 MP: 5/5
  1193 | D:2      | Noticed Robin
  1203 | D:2      | Killed Robin
  1204 | D:2      | Reached skill level 5 in Axes
  1243 | D:2      | Found the +7 staff of the Meek {protect, meekguard}
  1383 | D:2      | Found a runed translucent door.
  1384 | D:2      | Noticed Crazy Yiuf
  1596 | D:2      | Gained mutation: You are partially covered in yellow
                  | scales. (AC +2) [demonic ancestry]
  1596 | D:2      | Reached XP level 6. HP: 47/47 MP: 6/6
  1664 | D:2      | XOM: give mutation
  1664 | D:2      | Gained mutation: Your body sometimes deteriorates upon
                  | taking damage. [Xom's mischief]
  1666 | D:2      | Crazy Yiuf changed into Crazy Yiuf the jelly
  1666 | D:2      | Noticed Crazy Yiuf
  1667 | D:2      | Killed Crazy Yiuf the jelly
  2021 | D:3      | XOM: blink monster(s)
  2541 | D:4      | a scorpion changed into a fire bat
  2541 | D:4      | Noticed a fire bat
  2547 | D:4      | Noticed Grinder
  2548 | D:4      | Killed a fire bat
  2549 | D:4      | Gained mutation: A meltable shield of frost defends you.
                  | (SH +4) [demonic ancestry]
  2549 | D:4      | Reached XP level 7. HP: 23/52 MP: 7/7
  2549 | D:4      | Paralysed by Grinder for 3 turns
  2641 | D:4      | Paralysed by Grinder for 3 turns
  2643 | D:4      | XOM: scenery: summon butterflies
  2651 | D:4      | Paralysed by Grinder for 3 turns
  2657 | D:4      | Paralysed by Grinder for 4 turns
  2661 | D:4      | Killed Grinder
  2662 | D:4      | Reached skill level 6 in Axes
  2662 | D:4      | Reached skill level 5 in Armour
  2825 | D:4      | XOM: summons 2 hostile demons
  2848 | D:4      | XOM: summons 3 hostile shadow creatures
  2865 | D:4      | XOM: give mutations
  2865 | D:4      | Gained mutation: You are vulnerable to cold. (rC-) [Xom's
                  | mischief]
  2865 | D:4      | Gained mutation: You expend magic power (3 MP) to
                  | strengthen your wands. [Xom's mischief]
  2865 | D:4      | Gained mutation: You are strong-willed. (Will+) [Xom's
                  | mischief]
  2865 | D:4      | Gained mutation: You are weak. (Str -2) [Xom's mischief]
  3098 | D:5      | Entered Level 5 of the Dungeon
  3114 | D:5      | XOM: smoke on damage
  3211 | D:5      | XOM: summons 3 hostile demons
  3225 | D:5      | XOM: 4-stop teleportation journey
  3638 | D:5      | XOM: polymorph iguana -> scorpion
  3642 | D:5      | Reached XP level 8. HP: 58/58 MP: 8/8
  3745 | D:5      | Reached skill level 7 in Axes
  3931 | D:5      | XOM: summons 5 hostile demons
  3932 | D:5      | Noticed an ice devil
  3932 | D:5      | Noticed an ice devil
  3933 | D:5      | XOM: smoke on damage
  3944 | D:5      | Annihilated by an ice devil

Illustrated notes

Levels and vault maps discovered:
D:1:      lightli_arrival_statue_moat, layout_loops_ring
D:2:      layout_loops_ring, uniq_robin, uniq_sigmund, uniq_crazy_yiuf_cottage
D:3:      layout_loops_ring
D:4:      layout_rooms, fountainhead, corexii_item_surrounded_by_moat,
          hangedman_decor_diamond_cutter, uniq_grinder
D:5:      nicolae_cairo_tiling_very_big, layout_layer_cave

Skill      XL: |  1  2  3  4  5  6  7  8 |
---------------+-------------------------+-----
Axes           | 3 4 5 6 7 |  7.0
Armour         | 3 4 5 6 |  6.0
Fighting       | |  3.0
Dodging        | |  0.8

Action                     |  1- 3 |  4- 6 |  7- 9 || total
---------------------------+-------+-------+-------++-------
  Melee: Hand axe          |    85 |    95 |    74 ||   254
         Touch             |    13 |    20 |    11 ||    44
         Punch             |       |       |     1 ||     1
  Evoke: Piece from Xom's  |     1 |     2 |     4 ||     7
   Stab: Petrified         |    12 |     1 |     5 ||    18
 Armour: Leather armour    |    18 |       |       ||    18
         Scale mail        |    12 |    39 |    48 ||    99
  Dodge: Dodged            |    30 |    38 |    40 ||   108
  Block: Other             |       |       |    12 ||    12
